 Dungeon Crawl Stone Soup version 0.29-a0-892-g2c4c91d9db (webtiles) character file.

Game seed: 11571744371658394876

79 Demosthentine the Ducker (level 4, -3/35 HPs)
             Began as a Merfolk Gladiator on July 23, 2022.
             Killed by divine providence
             ... invoked by an orc priest
              (7 damage)
             ... on level 1 of the Dungeon.
             The game lasted 00:01:11 (1403 turns).

Demosthentine the Ducker (Merfolk Gladiator)        Turns: 1403, Time: 00:01:11

Health: -3/35      AC:  4    Str: 16    XL:     4   Next: 37%
Magic:  4/4        EV: 13    Int:  7    God:
Gold:   20         SH:  0    Dex: 15    Spells: 3/3 levels left

rFire   . . .      SeeInvis .   a - +0 trident
rCold   . . .      Faith    .   (no shield)
rNeg    . . .      Spirit   .   b - +0 leather armour
rPois   .          Reflect  .   c - +0 helmet
rElec   .          Harm     .   (no cloak)
rCorr   .          Rampage  .   (no gloves)
Will    .....                   (no boots)
Stlth   +.........              (no amulet)
HPRegen 0.11/turn               (no ring)
MPRegen 0.09/turn               (no ring)

@: mighty, flying
A: (nimble swimmer 2), mertail
a: no special abilities


You were on level 1 of the Dungeon.
You visited 1 branch of the dungeon, and saw 2 of its levels.

You collected 20 gold pieces.

Inventory:

Hand Weapons
 a - a +0 trident (weapon)
Missiles
 d - 3 throwing nets (quivered)
 e - a javelin
Armour
 b - a +0 leather armour (worn)
 c - a +0 helmet (worn)
Jewellery
 i - an amulet of magic regeneration
Scrolls
 h - a scroll of teleportation


   Skills:
 + Level 3.0 Fighting
 + Level 4.8 Polearms
 - Level 2.0 Throwing
 + Level 1.1 Armour
 + Level 4.8 Dodging


You had 3 spell levels left.
You didn't know any spells.
Your spell library was empty.

Dungeon Overview and Level Annotations

Branches:
Dungeon (2/15)

Altars:


Innate Abilities, Weirdness & Mutations

((You are very nimble when in or above water. (Stealth+, EV+, Speed+++)))
Your lower body shifts to a powerful aquatic tail in water.


Message History

The orc is almost dead.
The orc hits you with a +0 club.
You hit the orc.
You kill the orc!
The orc misses you. x2
The orc priest mumbles some strange prayers to Beogh against you.
Pain shoots through your body!
The orc hits you from afar with a +0 trident.
You climb upwards.
There is a stone staircase leading down here.
You climb downwards.
The orc priest hits you but does no damage.
There is a stone staircase leading up here.
The orc hits you with a +0 flail! The orc priest closely misses you.
You climb upwards.
There is a stone staircase leading down here.
You barely miss the orc priest. The orc hits you but does no damage.
The orc priest closely misses you.
You hit the orc priest but do no damage.
The orc misses you.
The orc priest invokes the aid of Beogh against you.
Beogh smites you!
* * * LOW HITPOINT WARNING * * *
You hit the orc priest.
The orc priest is moderately wounded.
The orc hits you with a +0 flail.
* * * LOW HITPOINT WARNING * * *
The orc priest hits you with a +0 hand axe.
* * * LOW HITPOINT WARNING * * *
It was a potion of flight.
You feel very buoyant.
You fly up into the air.
The orc misses you. The orc priest closely misses you.
It was a potion of might.
You feel very mighty all of a sudden. The orc completely misses you.
The orc priest misses you.
It was a potion of magic.
Magic courses through your body. The orc barely misses you.
The orc priest invokes the aid of Beogh against you.
Beogh smites you!
You die...

.#.#####....# #...#
###.###..#######...### ###..#...#
#..#....# .###..##### #.###...#
..........# #..#....# #......#..#
###...### ..........# ####)..#
.#....#...# #..o.o.# ..........#
#.##@#.# ..#..#....# #.##.#.#
........#.# #.##.#.# ...##...#.#
#.##.#.#
..........###......##############
..#..#.....#####.#.......#.......
...........# #........#.#.#####.
.#....#....####........).#.#####.
...............................#.


You could see an orc priest and an orc.

Vanquished Creatures
  4 gnolls
  2 dart slugs (D:1)
  An orc (D:2)
  4 ball pythons
  3 bats (D:1)
  5 endoplasms (D:1)
  3 hobgoblins (D:1)
  A quokka (D:1)
  2 frilled lizards (D:1)
  3 goblins (D:1)
  4 kobolds
  4 rats (D:1)
36 creatures vanquished.

Notes
Turn   | Place    | Note
-------+----------+-------------------------------------------
     0 | D:1      | Demosthentine the Merfolk Gladiator began the quest for the
                  | Orb.
     0 | D:1      | Reached XP level 1. HP: 16/16 MP: 1/1
   123 | D:1      | Reached XP level 2. HP: 17/23 MP: 2/2
   326 | D:1      | Found a faded altar of an unknown god.
   515 | D:1      | Reached XP level 3. HP: 28/28 MP: 3/3
   947 | D:2      | Reached skill level 1 in Armour
  1183 | D:1      | Reached XP level 4. HP: 18/35 MP: 4/4
  1403 | D:1      | Killed from afar by an orc priest

Illustrated notes

Levels and vault maps discovered:
D:1:      heliophobic_arrival_glass_houses, layout_loops_cross,
          hellmonk_ecumenical_altar_leap_of_faith,
          minmay_misc_feat_more_columns, nrook_mini_backslash,
          chequers_serial_rivers_room_b
D:2:      cheibrodos_pilgrimage, layout_basic, basic_altar, minmay_misc_feat_iff

Skill      XL: |  1  2  3 |
---------------+----------+-----
Armour         | 1 |  1.1
Fighting       | 3 |  3.0
Polearms       | |  4.8
Throwing       | |  2.0
Dodging        | |  4.8

Action                   |  1- 3 |  4- 6 || total
-------------------------+-------+-------++-------
Melee: Trident           |    76 |    14 ||    90
  Use: Scroll            |     3 |       ||     3
       Potion            |       |     3 ||     3
 Stab: Sleeping          |     2 |       ||     2
Armor: Leather armour    |     9 |     2 ||    11
Dodge: Dodged            |    30 |    17 ||    47

Table legend: (Time is in decaauts)
 A = Elapsed time spent in this place.
 B = Non-inter-level travel time spent in this place.
 C = Inter-level travel time spent in this place.
 D = Time resting spent in this place.
 E = Time spent auto-exploring this place.
 F = Levels seen in this place.
 G = Mean time per level.
                   A        B        C        D        E       F      G
               +--------+--------+--------+--------+--------+-----+--------+
         Total |   1391 |   1369 |     22 |    368 |    794 |   2 |  695.5 |
       Dungeon |   1391 |   1369 |     22 |    368 |    794 |   2 |  695.5 |
               +--------+--------+--------+--------+--------+-----+--------+

Top non-repeatable levels by time:
     D:1: 1234 daAuts
     D:2: 156 daAuts
